 Dungeon Crawl Stone Soup version 0.24-a0-640-ge7cd8ce796 (webtiles) character file.

Game seed: 14616985254023136435, levelgen mode: deterministic

2 Dexcius the Firebug (level 1, -1/14 HPs)
             Began as a Hill Orc Fire Elementalist on Sept 24, 2019.
             Slain by an ooze (3 damage)
             ... on level 1 of the Dungeon.
             The game lasted 00:01:32 (71 turns).

Dexcius the Firebug (Hill Orc Fire Elementalist)      Turns: 71, Time: 00:01:33

Health: -1/14      AC:  2    Str: 10    XL:     1   Next: 40%
Magic:  1/3        EV: 12    Int: 15    God:
Gold:   0          SH:  0    Dex: 11    Spells: 2/3 levels left

rFire    . . .     SeeInvis .   (no weapon)
rCold    . . .     Gourm    .   (no shield)
rNeg     . . .     Faith    .   a - +0 robe
rPois    .         Spirit   .   (no helmet)
rElec    .         Reflect  .   (no cloak)
rCorr    .         Harm     .   (no gloves)
MR       .....                  (no boots)
Stlth    ++........             (no amulet)
HPRegen  0.04/turn              (no ring)
MPRegen  0.08/turn              (no ring)

@: no status effects
A: no striking features
a: no special abilities


You were on level 1 of the Dungeon.
You were not hungry.

You visited 1 branch of the dungeon, and saw 1 of its levels.

Inventory:

Armour
 a - a +0 robe (worn)
Scrolls
 e - a scroll of identify {unknown}
Potions
 b - a potion of mutation {unknown}
 d - a potion of haste {unknown}
Comestibles
 c - a ration


   Skills:
 + Level 1.5 Dodging
 + Level 1.5 Stealth
 + Level 1.6 Spellcasting
 + Level 1.0 Conjurations
 + Level 3.4 Fire Magic


You had 2 spell levels left.
You knew the following spells:

 Your Spells              Type           Power        Failure   Level  Hunger
a - Flame Tongue          Conj/Fire      #....        10%         1    ##.....

Your spell library contained the following spells:

 Spells                   Type           Power        Failure   Level  Hunger
 Throw Flame              Conj/Fire      #.....       14%         2    ###....
 Conjure Flame            Conj/Fire      #.......     28%         3    ####...
 Inner Flame              Hex/Fire       #.......     34%         3    ####...
 Sticky Flame             Conj/Fire      #.......     67%         4    #####..
 Fireball                 Conj/Fire      #.........   95%         5    ######.


Dungeon Overview and Level Annotations

Branches:
Dungeon (1/15)

Altars:


Message History

The goblin completely misses you. The rat barely misses you.
You barely miss the rat. The hobgoblin closely misses you.
The goblin hits you but does no damage. The rat barely misses you.
A goblin comes into view. It is wielding a +0 dagger.
You hit the rat but do no damage. The bat hits you but does no damage.
The hobgoblin hits you but does no damage.
The goblin hits you but does no damage. The rat closely misses you.
You hit the rat but do no damage. The bat barely misses you.
The hobgoblin barely misses you. The goblin hits you with a +0 club.
* * * LOW HITPOINT WARNING * * *
The rat bites you.
* * * LOW HITPOINT WARNING * * *
You hit the rat but do no damage. The bat barely misses you.
A rat comes into view.
The hobgoblin closely misses you. The goblin closely misses you.
The rat barely misses you.
You hit the rat.
The rat is moderately wounded.
The bat hits you but does no damage. The ooze hits you.
You die...

.. ..#.# .#.#
##.##.#.##.#. .....
...#.#..... ....
......... .#(#
#.#.##..#### ...#
#.###.#.##.....##..#
#.......##.###..#..###..
#####.##...# #..bJ......
#.##...##.##@rg.#..
##.##.....# #gg.....#
##...#.....# .##...##.
#....#......r# ...#
#....######..# ##.#
#.#### ##... .. #.# #..
. #.# ### #.### ..


You could see an ooze, a hobgoblin, 2 goblins, a bat and 2 rats.

Vanquished Creatures
  A giant cockroach (D:1)
  A hobgoblin (D:1)
2 creatures vanquished.

Notes
Turn   | Place    | Note
-------+----------+-------------------------------------------
     0 | D:1      | Dexcius the Hill Orc Fire Elementalist began the quest for
                  | the Orb.
     0 | D:1      | Reached XP level 1. HP: 14/14 MP: 3/3
    71 | D:1      | Slain by an ooze

Levels and vault maps discovered:
D:1:      lemuel_arrival_river_bridge, layout_loops_cross,
          hangedman_decor_growths, minmay_vboxes

Action                   || total
-------------------------++-------
Melee: Unarmed           ||    13
 Cast: Flame Tongue      ||     4
Armor: Robe              ||     8
Dodge: Dodged            ||    26

Table legend:
 A = Non-vault XP
 B = Vault XP
 C = Vault XP percentage of total XP
 D = Non-vault monster count
 E = Vault monster count
 F = Vault count percentage of total count
                 A         B        C        D         E       F
            +---------+---------+-------+---------+---------+-------
      Total |       2 |       2 |  50.0 |       1 |       1 |  50.0
            +---------+---------+-------+---------+---------+-------
        D:1 |       2 |       2 |  50.0 |       1 |       1 |  50.0
            +---------+---------+-------+---------+---------+-------
